 Dungeon Crawl Stone Soup version 0.24.0-13-gcf9b3192b9 (webtiles) character file.

Game seed: 12088454564542845120, levelgen mode: deterministic

84 Descartes the Gusty (level 4, -1/24 HPs)
             Began as a Tengu Air Elementalist on Nov 7, 2019.
             Slain by Natasha (4 damage)
             ... on level 2 of the Dungeon.
             The game lasted 00:04:46 (1452 turns).

Descartes the Gusty (Tengu Air Elementalist)        Turns: 1452, Time: 00:04:46

Health: -1/24      AC:  2    Str:  8    XL:     4   Next: 45%
Magic:  2/8        EV: 13    Int: 17    God:
Gold:   72         SH:  0    Dex: 19    Spells: 2/8 levels left

rFire    . . .     SeeInvis .   j - +1 dagger (speed)
rCold    . . .     Gourm    .   (no shield)
rNeg     . . .     Faith    .   a - +0 robe
rPois    .         Spirit   .   (helmet restricted)
rElec    .         Reflect  .   (no cloak)
rCorr    .         Harm     .   (no gloves)
MR       .....                  (boots unavailable)
Stlth    ++........             (no amulet)
HPRegen  0.08/turn              g - +5 ring of dexterity
MPRegen  0.11/turn              (no ring)

@: swift (expiring), very slightly contaminated, quick
A: beak, talons 3
a: no special abilities


You were on level 2 of the Dungeon.
You were hungry.

You visited 1 branch of the dungeon, and saw 2 of its levels.

You collected 72 gold pieces.

Inventory:

Hand Weapons
 j - a +1 dagger of speed (weapon)
 n - a +0 long sword
Missiles
 b - 2 poisoned darts
 d - 30 stones (quivered)
 m - 24 sling bullets
 p - 28 bolts
Armour
 a - a +0 robe (worn)
 h - a +0 shield
Jewellery
 g - a +5 ring of dexterity (left hand)
Scrolls
 e - a scroll of enchant armour {unknown}
 l - a scroll of enchant weapon {unknown}
 o - a scroll of teleportation {unknown}
Potions
 i - a potion of invisibility {unknown}
 k - 2 potions of curing {unknown}
Comestibles
 c - 3 rations
 f - 5 chunks of flesh


   Skills:
 + Level 1.1 Armour
 + Level 2.5 Dodging
 + Level 2.3 Stealth
 * Level 1.0 Shields
 * Level 2.5 Spellcasting
 * Level 2.4 Conjurations
 + Level 0.2 Charms
 * Level 4.7 Air Magic


You had 2 spell levels left.
You knew the following spells:

 Your Spells              Type           Power        Failure   Level  Hunger
a - Shock                 Conj/Air       ##..         4%          1    #......
b - Swiftness             Chrm/Air       ##......     10%         2    ##.....
c - Static Discharge      Conj/Air       ##......     13%         3    ###....

Your spell library contained the following spells:

 Spells                   Type           Power        Failure   Level  Hunger
 Airstrike                Air            ###.......   26%         4    #####..
 Lightning Bolt           Conj/Air       ##........   75%         5    ######.


Dungeon Overview and Level Annotations

Branches:
Dungeon (2/15)

Altars:

Annotations:
D:2 Natasha


Innate Abilities, Weirdness & Mutations

You have a beak for a mouth.
You have claws for feet.


Message History

The magic dart hits you.
You closely miss Natasha. Your peck misses Natasha.
Natasha is moderately wounded.
You hit Natasha but do no damage. You claw Natasha.
Natasha is moderately wounded.
Natasha misses you.
You closely miss Natasha. Your kick misses Natasha.
Natasha is moderately wounded.
You start to feel a little slower.
Natasha claws you!
* * * LOW HITPOINT WARNING * * *
You miss Natasha.
Natasha is moderately wounded.
You hit Natasha.
Natasha is severely wounded.
Natasha barely misses you.
You closely miss Natasha. Your kick misses Natasha.
Natasha is severely wounded.
Natasha claws you.
You die...

# #.....# #............ #
#.....# #.####.......
####.....####.##.........
.^...###..#......#.......
.##.)###......###########
.#..##...##...##
...#...####....###
..#..### ##.##...###
.##.............@h.#
.##########.###..#...#
...# #.# ##......# ##..
..# ###...... ... ###
.#.### .. #


You could see Natasha.

Vanquished Creatures
  Natasha (D:2)
  A gnoll (D:1)
  2 oozes (D:1)
  3 giant cockroaches
  5 goblins
  A hobgoblin (D:1)
  11 jackals (D:1)
  4 kobolds (D:1)
  2 bats
  3 frilled lizards
  5 rats (D:1)
38 creatures vanquished.

Notes
Turn   | Place    | Note
-------+----------+-------------------------------------------
     0 | D:1      | Descartes the Tengu Air Elementalist began the quest for
                  | the Orb.
     0 | D:1      | Reached XP level 1. HP: 10/10 MP: 4/4
   124 | D:1      | Reached XP level 2. HP: 15/15 MP: 4/6
   534 | D:1      | Reached XP level 3. HP: 19/19 MP: 2/7
   971 | D:1      | Reached skill level 1 in Armour
  1317 | D:2      | Reached XP level 4. HP: 24/24 MP: 5/8
  1346 | D:2      | Learned a level 2 spell: Swiftness
  1350 | D:2      | Learned a level 3 spell: Static Discharge
  1359 | D:2      | Noticed Natasha
  1368 | D:2      | Killed Natasha
  1368 | D:2      | Reached skill level 1 in Shields
  1439 | D:2      | Noticed Natasha
  1452 | D:2      | Slain by Natasha

Levels and vault maps discovered:
D:1:      onia_arrival_handbag, layout_loops_ring
D:2:      layout_rooms, uniq_natasha

Skill      XL: |  1  2  3  4 |
---------------+-------------+-----
Conjurations   | 2 |  2.4
Armour         | 1 |  1.1
Shields        | 1 |  1.0
Dodging        | |  2.5
Stealth        | |  2.3
Spellcasting   | |  2.5
Charms         | |  0.2
Air Magic      | |  4.7

Action                   |  1- 3 |  4- 6 || total
-------------------------+-------+-------++-------
Melee: Dagger            |     7 |    12 ||    19
       Kick              |     1 |     4 ||     5
       Peck              |       |     1 ||     1
 Cast: Shock             |    62 |     6 ||    68
       Swiftness         |       |     1 ||     1
  Eat: Chunk             |     2 |       ||     2
Armor: Robe              |     3 |       ||     3
Dodge: Dodged            |    18 |     5 ||    23
